 Dungeon Crawl Stone Soup version 0.30.0-29-ga12c61a403 (webtiles) character file.

Game seed: 8821668422183523082

124791 croobank the Rich (level 16, -2/127 HPs)
             Began as a Gnoll Fire Elementalist on May 31, 2023.
             Was an Initiate of Gozag.
             Blown up by a cacodemon (22 damage)
             ... with a bolt of energy
             ... summoned by Asterion
             ... on level 2 of the Spider Nest on June 5, 2023.
             The game lasted 07:38:21 (36890 turns).

croobank the Rich (Gnoll Fire Elementalist)        Turns: 36890, Time: 07:38:22

Health: -2/127     AC: 17    Str: 12    XL:     16   Next: 94%
Magic:  9/32       EV: 18    Int: 21    God:    Gozag
Gold:   3025       SH:  0    Dex: 20    Spells: 9/40 levels left

rFire   + + .        b - +12 sling of Instinct {drain, Str+3}
rCold   + . .        Q - orb "Nuan Qutoga" {light, Will++}
rNeg    . . .        Z - +3 ring mail {rF+}
rPois   +            F - +1 hat "Jemug" {rElec Will+ Dex+3 Slay-2}
rElec   +            E - scarf {rC+ rF+}
rCorr   .            R - +2 pair of gloves
SInv    .            A - +1 pair of boots
Will    ++++.        x - amulet of magic regeneration
Stlth   ++           w - +6 ring of dexterity
HPRegen 0.41/turn    r - ring of poison resistance
MPRegen 0.63/turn

%: no passive effects
@: mighty, glowing
A: fangs 1, strong nose, distributed training, clumsy 1
a: Renounce Religion, Potion Petition, Call Merchant, Bribe Branch


You were on level 2 of the Spider Nest.
You worshipped Gozag.
Gozag was most pleased with you.
You visited 5 branches of the dungeon, and saw 25 of its levels.
You also visited: Volcano.

You collected 8844 gold pieces.
You spent 1706 gold pieces at shops.
You paid 4113 gold pieces to Gozag.

Inventory:

Hand Weapons
 a - a +9 scimitar of freezing
 b - the +12 sling of Instinct (weapon) {drain, Str+3}
   (You found it on level 4 of the Lair of Beasts)

   Str:       It affects your strength (+3).
 q - a +4 scimitar of flaming
 I - a +5 short sword
 U - a +1 morningstar of freezing
Missiles
 k - 3 curare-tipped darts
 W - a throwing net (quivered)
Armour
 z - a +3 buckler
 A - a +1 pair of boots (worn)
 E - a scarf of resistance (worn)
 F - the +1 hat "Jemug" (worn) {rElec Will+ Dex+3 Slay-2}
   (You acquired it on level 6 of the Dungeon)

   Dex:       It affects your dexterity (+3).
   Slay:      It affects your accuracy & damage with ranged weapons and melee
   (-2).
   rElec:     It insulates you from electricity.
   Will:      It increases your willpower.
 Q - the orb "Nuan Qutoga" (worn) {light, Will++}
   (You found it on level 9 of the Dungeon)

   Will:      It greatly increases your willpower.
 R - a +2 pair of gloves (worn)
 Z - a +3 ring mail of fire resistance (worn)
Jewellery
 d - a +4 ring of protection
 l - a ring of fire
 m - an amulet of reflection
 r - a ring of poison resistance (right hand)
 u - a ring of ice
 w - a +6 ring of dexterity (left hand)
 x - an amulet of magic regeneration (around neck)
 B - a +6 ring of dexterity
 J - a ring of wizardry
 O - a ring of positive energy
 X - a ring of protection from cold
Wands
 c - a wand of charming (25)
 D - a wand of flame (73)
 Y - a wand of acid (7)
Scrolls
 e - 5 scrolls of fog
 g - 2 scrolls of poison
 o - 2 scrolls of fear
 p - 3 scrolls of magic mapping
 t - 11 scrolls of teleportation
 C - 3 scrolls of silence
 H - 2 scrolls of immolation
 L - 2 scrolls of vulnerability
 M - 4 scrolls of amnesia
 T - a scroll of blinking
 V - 3 scrolls of identify
Potions
 h - 4 potions of haste
 i - 6 potions of curing
 j - 6 potions of invisibility
 n - 2 potions of lignification
 s - 6 potions of attraction
 v - 5 potions of brilliance
 y - 4 potions of magic
 G - 9 potions of mutation
 K - a potion of resistance
 P - 2 potions of flight
Miscellaneous
 N - a phial of floods
 S - a phantom mirror


   Skills:
 + Level 11.6 Fighting
 + Level 11.6 Short Blades
 + Level 11.6 Long Blades
 + Level 11.6 Axes
 + Level 11.6 Maces & Flails
 + Level 11.6 Polearms
 + Level 11.6 Staves
 + Level 11.6 Ranged Weapons
 + Level 11.6 Throwing
 + Level 11.6 Armour
 + Level 12.5 Dodging
 + Level 12.3 Stealth
 + Level 11.6 Shields
 + Level 11.6 Unarmed Combat
 + Level 12.6 Spellcasting
 + Level 10.1 Conjurations
 + Level 9.8 Hexes
 + Level 9.8 Summonings
 + Level 9.8 Necromancy
 + Level 9.8 Translocations
 + Level 9.8 Transmutations
 + Level 11.2 Fire Magic
 + Level 9.8 Ice Magic
 + Level 9.8 Air Magic
 + Level 9.8 Earth Magic
 + Level 9.8 Poison Magic
 + Level 12.6 Invocations
 + Level 11.6 Evocations


You had 9 spell levels left.
You knew the following spells:

 Your Spells              Type           Power      Damage    Failure   Level
a - Foxfire               Conj/Fire      100%       2x1d9     1%          1
b - Scorch                Fire           100%       2d9       1%          2
c - Inner Flame           Hex/Fire       55%        N/A       1%          3
d - Ozocubu's Armour      Ice            53%        N/A       1%          3
e - Flame Wave            Conj/Fire      55%        2d13      1%          4
f - Iskenderun's Mystic   Conj/Tloc      53%        2d11      1%          4
g - Summon Lightning Spi  Summ/Air       53%        N/A       1%          4
h - Arcjolt               Conj/Air       26%        1d36      4%          5
i - Freezing Cloud        Conj/Ice/Air   26%        6-21      4%          5

Your spell library contained the following spells:

 Spells                   Type           Power      Damage    Failure   Level
 Apportation              Tloc           100%       N/A       1%          1
 Necrotise                Necr           100%       1d9       1%          1
 Slow                     Hex            100%       N/A       1%          1
 Summon Small Mammal      Summ           100%       N/A       1%          1
 Cigotuvi's Dreadful Rot  Necr/Pois/Air  100%       N/A       1%          2
 Ensorcelled Hibernation  Hex/Ice        100%       N/A       1%          2
 Passwall                 Tmut/Erth      44%        N/A       1%          2
 Static Discharge         Conj/Air       100%       2-7/arc   1%          2
 Confusing Touch          Hex            53%        N/A       1%          3
 Dazzling Flash           Conj/Hex       100%       N/A       1%          3
 Frozen Ramparts          Ice            100%       1d16      1%          3
 Ignite Poison            Fire/Tmut/Pois 54%        N/A       1%          3
 Swiftness                Air            53%        N/A       1%          3
 Vampiric Draining        Necr           53%        2d9       1%          3
 Vhi's Electric Charge    Tloc/Air       100%       N/A       1%          3
 Volatile Blastmotes      Fire/Tloc      100%       2d18      1%          3
 Airstrike                Air            26%        2d(4-20)  1%          4
 Ice Form                 Ice/Tmut       53%        N/A       1%          4
 Sticky Flame             Conj/Fire      55%        2d7       1%          4
 Summon Ice Beast         Ice/Summ       53%        N/A       1%          4
 Alistair's Intoxication  Tmut/Pois      35%        N/A       4%          5
 Blade Hands              Tmut           26%        N/A       4%          5
 Irradiate                Conj/Tmut      26%        3d20      4%          5
 Metabolic Englaciation   Hex/Ice        26%        N/A       4%          5
 Starburst                Conj/Fire      27%        6d9       17%         6
 Plasma Beam              Fire/Air       27%        2x1d44    19%         6
 Dragon Form              Tmut           26%        N/A       80%         7
 Ozocubu's Refrigeration  Ice            26%        4d13      80%         7
 Ignition                 Fire           28%        3d9       99%         8
 Simulacrum               Ice/Necr       Unusable   N/A       N/A         6

Dungeon Overview and Level Annotations

Branches:
Dungeon (15/15)            Temple (1/1) D:6            Lair (5/5) D:11
 Shoals (0/4) Lair:3       Spider (2/4) Lair:2        Slime (0/5) Lair:4
    Orc (2/2) D:10            Elf (0/3) Orc:2        Vaults (0/5) D:13
 Depths (0/4) D:15        Volcano (visited)

Altars:
Ashenzari
Cheibriados
Dithmenos
Fedhas
Gozag
Hepliaklqana
Kikubaaqudgha
Makhleb
Okawaru
Qazlal
Ru
Sif Muna
Trog
Uskayaw
Vehumet
Wu Jian
Yredelemnul
The Shining One
Jiyva

Shops:
D:4 =?   D:10 [   D:11 [   Orc:2 ([=!?

Portals:
Pandemonium: Orc:2

Annotations:
D:8 Need digging
D:15 3 runed translucent doors, Gosau's ghost, journeyman DsGl
Temple 2 transporters
Spider:2 Asterion


Innate Abilities, Weirdness & Mutations

You have very sharp teeth.
Your uncanny sense of smell can sniff out nearby items.
Your experience applies equally to all skills.
You are clumsy. (Dex -2)


Message History

Casting: Arcjolt (dangerous; 4% risk of failure)
Confirm with . or Enter, or press ? or * to list all spells.
Electricity surges outward!
Asterion is struck by an electric surge!!
Asterion is almost dead.
The cacodemon resists.
The cacodemon is struck by an electric surge.
The cacodemon is moderately wounded.
The +0 spectral morningstar resists.
The +0 spectral morningstar is struck by an electric surge!
Asterion shares his spectral weapon's damage!
The +0 spectral morningstar is heavily damaged.
The cacodemon is no longer more vulnerable to fire.
The +0 spectral morningstar is engulfed in freezing vapours. x2
The +0 spectral morningstar disappears.
Asterion is engulfed in freezing vapours.
Asterion hits you with a +0 spectral morningstar!
The +0 spectral morningstar hits you!
* * * LOW HITPOINT WARNING * * *
Asterion gores you!
* * * LOW HITPOINT WARNING * * *
The cacodemon hits you.
* * * LOW HITPOINT WARNING * * *
The cacodemon closely misses you.
A +0 spectral morningstar comes into view.
You don't currently have any unidentified items.
Blink to where?
Press: ? - help, Dir - move target, p - cacodemon
As you read the scroll of blinking, it crumbles to dust.
The +0 spectral morningstar is engulfed in freezing vapours.
Asterion is engulfed in freezing vapours.
The +0 spectral morningstar is engulfed in freezing vapours.
Asterion shares his spectral weapon's damage!
The +0 spectral morningstar disappears.
Your lightning spire shoots out a bolt of lightning at the cacodemon!
The bolt of electricity hits the cacodemon.
The cacodemon resists.
The cacodemon gestures at you. The bolt of energy hits you!!
You die...

.... ... ...#. #.^..
.........
#.#!.#.........
#.....#.#.....#
........#..... #.
...|......#.###. ####..
#.....8.^..#... .....#
#..$@..#....###......
...#..#H2..§............
........§.§§.#.......[.#
........§§§.☼○...$...###
..#....#.§§§§..#<......#
.....#....§§.....#.....#
..........§§§..... .....
...^##........#.... ....
.... .........#...#. ...


You could see Asterion (fast), a cacodemon (summoned, ally target) and a
friendly lightning spire (summoned).

Vanquished Creatures
  An emperor scorpion (Spider:1)
  A caustic shrike zombie (D:15)
  A broodmother (Lair:2)
  2 entropy weavers
  A vault guard (D:13)
  A rakshasa (D:15)
  Erolcha (D:13)
  3 hydras
  A demonspawn (Orc:2)
  2 catoblepae
  4 centaur warriors
  A jorogumo (Lair:2)
  5 boulder beetles
  4 death yaks
  A vampire mage (D:15)
  7 orc high priests (Orc:2)
  A sun demon (Orc:2)
  A pharaoh ant (Lair:2)
  2 skeletal warriors (Volcano)
  A sun moth (Spider:1)
  An orb spider (Spider:1)
  2 lindwurms
  A necromancer (D:15)
  4 orc knights (Orc:2)
  3 steelbarb worms (Spider:1)
  3 anaconda skeletons (Volcano)
  7 wolf spiders
  2 deep elf pyromancers
  10 ugly things
  2 manticores
  2 oklob plants (Lair:1)
  3 cyclopes
  5 orc sorcerers
  A moth of wrath (Spider:1)
  16 elephants
  A centaur zombie (D:15)
  10 black mambas
  6 demonic crawlers
  A rust devil (Orc:2)
  A smoke demon (Orc:2)
  A molten gargoyle (Lair:5)
  6 cane toads
  3 torpor snails
  6 gargoyles
  A cane toad (shapeshifter) (D:13)
  3 rime drakes
  3 unseen horrors
  2 freezing wraiths
  An efreet (D:13)
  17 komodo dragons
  A queen bee (shapeshifter) (D:13)
  A polar bear (shapeshifter) (D:14)
  2 polar bears (Lair:5)
  5 trolls
  11 tarantellas
  A harpy skeleton (Volcano)
  5 blink frogs (Lair:3)
  A hornet (D:11)
  An ettin zombie (D:15)
  15 jumping spiders
  A snapping turtle (Lair:3)
  A raiju (shapeshifter) (D:13)
  A centaur simulacrum (D:15)
  5 wyverns
  3 flying skulls (Volcano)
  A vampire (D:14)
  3 slime creatures (D:12)
  2 wraiths
  8 culicivoras
  48 yaks
  6 basilisks
  25 redbacks
  5 steam dragons
  8 vampire mosquitoes
  A warg (Orc:2)
  7 water moccasins
  Duvessa (D:6)
  2 hell hounds (Lair:5)
  A sky beast (D:4)
  2 ice beasts
  A black bear (D:6)
  17 orc warriors
  9 centaurs
  7 ogres
  12 wolves
  A nameless horror (Orc:2)
  Blork the orc (D:5)
  8 bullfrogs
  2 gnoll sergeants
  A scorpion (D:6)
  11 wights
  Dowan (D:6)
  18 killer bees
  3 spriggan skeletons
  5 howler monkeys
  An electric eel (Lair:3)
  A lava snake (Lair:5)
  A quasit (D:6)
  5 hounds
  5 jellies
  13 orc priests
  Crazy Yiuf (D:3)
  5 iguanas
  2 sleepcaps
  Terence (D:3)
  18 orc wizards
  5 gnolls (D:10)
  9 adders
  A shadow imp (D:6)
  7 white imps
  5 ufetubi
  A worm (D:3)
  11 dart slugs
  46 orcs
  6 ball pythons
  6 endoplasms
  3 giant cockroaches
  5 hobgoblins
  4 jackals (D:5)
  2 quokkas
  7 bats
  3 frilled lizards
  10 goblins
  4 kobolds
  2 rats
626 creatures vanquished.

Vanquished Creatures (collateral kills)
  A broodmother (Spider:1)
  A rakshasa (D:12)
  A fire dragon (Lair:5)
  2 boulder beetles
  A two-headed ogre (D:12)
  2 demonspawn (Orc:2)
  A centaur warrior (D:12)
  An orc high priest (Orc:2)
  4 death yaks
  2 skeletal warriors (D:15)
  An anaconda skeleton (Volcano)
  A steelbarb worm (Spider:1)
  3 wolf spiders (Spider:1)
  A manticore (D:12)
  An orc sorcerer (Orc:2)
  An oklob plant (Lair:1)
  A sphinx skeleton (D:15)
  A cyclops (D:12)
  3 elephants
  3 ugly things
  A molten gargoyle (Lair:5)
  A rust devil (Orc:2)
  3 black mambas (Lair:5)
  A gargoyle (Volcano)
  3 cane toads
  A polar bear (Lair:4)
  4 blink frogs (Lair:3)
  A harpy skeleton (Volcano)
  A slime creature (D:12)
  A centaur simulacrum (D:15)
  4 wyverns
  An alligator skeleton (Volcano)
  A yak (Lair:2)
  A redback (Spider:1)
  A vampire mosquito (D:12)
  2 water moccasins
  A hell hound (Lair:5)
  3 ogres
  14 orc warriors
  A hornet zombie (D:15)
  2 wolves
  A bullfrog (Lair:3)
  A spriggan skeleton (Volcano)
  A troll skeleton (Volcano)
  3 howler monkeys (D:11)
  4 lava snakes (Lair:5)
  12 orc priests
  3 orc wizards
  A nameless horror (Lair:4)
  15 orcs
  11 foxfires
132 creatures vanquished.

Vanquished Creatures (others)
  1160 foxfires
1160 creatures vanquished.

Grand Total: 1918 creatures vanquished

Notes
Turn   | Place    | Note
-------+----------+-------------------------------------------
     0 | D:1      | croobank the Gnoll Fire Elementalist began the quest for
                  | the Orb.
     0 | D:1      | Reached XP level 1. HP: 13/13 MP: 6/6
   161 | D:1      | Reached XP level 2. HP: 19/19 MP: 5/7
   692 | D:2      | Reached skill level 5 in Spellcasting
   692 | D:2      | Reached XP level 3. HP: 25/25 MP: 5/9
   802 | D:2      | Learned a level 2 spell: Scorch
   806 | D:2      | Learned a level 3 spell: Inner Flame
  1094 | D:2      | Reached skill level 1 in Invocations
  1191 | D:2      | Reached skill level 1 in Fighting
  1191 | D:2      | Reached skill level 1 in Short Blades
  1191 | D:2      | Reached skill level 1 in Long Blades
  1191 | D:2      | Reached skill level 1 in Axes
  1191 | D:2      | Reached skill level 1 in Maces & Flails
  1191 | D:2      | Reached skill level 1 in Polearms
  1191 | D:2      | Reached skill level 1 in Staves
  1191 | D:2      | Reached skill level 1 in Ranged Weapons
  1191 | D:2      | Reached skill level 1 in Throwing
  1191 | D:2      | Reached skill level 1 in Armour
  1191 | D:2      | Reached skill level 1 in Shields
  1191 | D:2      | Reached skill level 1 in Unarmed Combat
  1191 | D:2      | Reached skill level 1 in Evocations
  1196 | D:2      | Found a faded altar of an unknown god.
  1380 | D:3      | Reached XP level 4. HP: 30/32 MP: 1/11
  1497 | D:3      | Reached skill level 1 in Hexes
  1497 | D:3      | Reached skill level 1 in Summonings
  1497 | D:3      | Reached skill level 1 in Necromancy
  1497 | D:3      | Reached skill level 1 in Translocations
  1497 | D:3      | Reached skill level 1 in Transmutations
  1497 | D:3      | Reached skill level 1 in Ice Magic
  1497 | D:3      | Reached skill level 1 in Air Magic
  1497 | D:3      | Reached skill level 1 in Earth Magic
  1497 | D:3      | Reached skill level 1 in Poison Magic
  1623 | D:3      | Noticed Terence
  1627 | D:3      | Killed Terence
  1635 | D:3      | Reached XP level 5. HP: 37/37 MP: 4/12
  1961 | D:3      | Found a runed translucent door.
  1962 | D:3      | Noticed Crazy Yiuf
  2458 | D:4      | Reached XP level 6. HP: 44/44 MP: 9/13
  2556 | D:4      | Found Xausaor's Magic Scroll Shoppe.
  2579 | D:4      | Noticed a sky beast
  2588 | D:4      | Killed a sky beast
  2589 | D:4      | Reached skill level 5 in Dodging
  2615 | D:4      | Bought a scroll of identify for 20 gold pieces
  2615 | D:4      | Bought a scroll of identify for 20 gold pieces
  2615 | D:4      | Bought a scroll of magic mapping for 75 gold pieces
  2615 | D:4      | Bought a scroll of identify for 20 gold pieces
  2615 | D:4      | Bought a scroll of identify for 20 gold pieces
  2615 | D:4      | Bought a scroll of teleportation for 30 gold pieces
  2636 | D:4      | Found Qiz Usch's Jewellery Shop.
  3069 | D:4      | Found a glowing golden altar of the Shining One.
  3315 | D:5      | Entered Level 5 of the Dungeon
  3333 | D:5      | Reached XP level 7. HP: 36/51 MP: 8/15
  3611 | D:5      | Reached skill level 5 in Stealth
  3769 | D:5      | Noticed Blork the orc
  3774 | D:5      | Killed Blork the orc
  4165 | D:6      | Found a staircase to the Ecumenical Temple.
  4193 | Temple   | Entered the Ecumenical Temple
  4193 | Temple   | Found a transporter.
  4193 | Temple   | Found a transporter.
  4195 | Temple   | Found a transporter.
  4195 | Temple   | Found a transporter.
  4205 | Temple   | Became a worshipper of Gozag Ym Sagoz the Greedy
  4265 | D:6      | Reached XP level 8. HP: 58/58 MP: 11/16
  4506 | D:6      | Learned a level 3 spell: Ozocubu's Armour
  4601 | D:6      | Reached XP level 9. HP: 65/65 MP: 6/18
  4717 | D:6      | Noticed Dowan
  4717 | D:6      | Noticed Duvessa
  4786 | D:7      | Learned a level 4 spell: Flame Wave
  4821 | D:6      | Killed Dowan
  4837 | D:6      | Killed Duvessa
  5095 | D:6      | Identified a scroll of acquirement
  5095 | D:6      | Acquired the +1 hat "Jemug" {rElec Will+ Dex+3 Slay-2}
  5717 | D:7      | Reached skill level 5 in Invocations
  6275 | D:8      | Reached skill level 5 in Fighting
  6275 | D:8      | Reached skill level 5 in Short Blades
  6275 | D:8      | Reached skill level 5 in Long Blades
  6275 | D:8      | Reached skill level 5 in Axes
  6275 | D:8      | Reached skill level 5 in Maces & Flails
  6275 | D:8      | Reached skill level 5 in Polearms
  6275 | D:8      | Reached skill level 5 in Staves
  6275 | D:8      | Reached skill level 5 in Ranged Weapons
  6275 | D:8      | Reached skill level 5 in Throwing
  6275 | D:8      | Reached skill level 5 in Armour
  6275 | D:8      | Reached skill level 5 in Shields
  6275 | D:8      | Reached skill level 5 in Unarmed Combat
  6275 | D:8      | Reached skill level 5 in Evocations
  6275 | D:8      | Reached XP level 10. HP: 60/74 MP: 13/20
  6849 | D:9      | Identified the +0 long sword of Immorality {freeze, Dex+3}
  7071 | D:9      | Identified the orb "Nuan Qutoga" {light, Will++}
  7311 | D:9      | Reached skill level 5 in Conjurations
  7371 | D:10     | Entered Level 10 of the Dungeon
  7403 | D:10     | Killed an unseen horror
  7604 | D:10     | Noticed a boulder beetle
  7611 | D:10     | Learned a level 4 spell: Iskenderun's Mystic Blast
  7618 | D:10     | Learned a level 4 spell: Summon Lightning Spire
  7659 | D:10     | Killed a boulder beetle
  8066 | D:10     | Found Ninurta's Dragon-Slaying Spoils.
  8233 | D:10     | Reached skill level 5 in Hexes
  8233 | D:10     | Reached skill level 5 in Summonings
  8233 | D:10     | Reached skill level 5 in Necromancy
  8233 | D:10     | Reached skill level 5 in Translocations
  8233 | D:10     | Reached skill level 5 in Transmutations
  8233 | D:10     | Reached skill level 5 in Ice Magic
  8233 | D:10     | Reached skill level 5 in Air Magic
  8233 | D:10     | Reached skill level 5 in Earth Magic
  8233 | D:10     | Reached skill level 5 in Poison Magic
  8233 | D:10     | Reached XP level 11. HP: 56/81 MP: 19/22
  9008 | D:10     | Found a staircase to the Orcish Mines.
  9956 | D:11     | Upgraded the game from 0.30.0-19-g36f170ea60 to
                  | 0.30.0-20-g3b4254fcbd
 10223 | D:11     | Found a staircase to the Lair.
 10417 | D:12     | Noticed a brown ugly thing
 10426 | D:12     | Noticed a boulder beetle
 10428 | D:12     | Killed a brown ugly thing
 10454 | D:12     | Killed a boulder beetle
 10638 | D:12     | Noticed a boulder beetle
 10690 | D:12     | Killed a boulder beetle
 10691 | D:12     | Reached XP level 12. HP: 30/91 MP: 4/24
 11389 | D:12     | Noticed a boulder beetle
 11390 | D:12     | Noticed a two-headed ogre
 11397 | D:12     | Killed a two-headed ogre
 11417 | D:12     | Noticed a centaur warrior
 11427 | D:12     | Killed a centaur warrior
 11427 | D:12     | Noticed a boulder beetle
 11432 | D:12     | Identified the amulet of Ysuan {Acrobat -Cast rF+ rN+++
                  | Stlth+}
 11432 | D:12     | Noticed a rakshasa
 11477 | D:12     | Killed a rakshasa
 11648 | D:12     | Killed a boulder beetle
 11870 | D:12     | Killed a boulder beetle
 12010 | D:12     | Noticed a centaur warrior
 12020 | D:12     | Killed a centaur warrior
 12029 | D:12     | Noticed a four-headed hydra
 12311 | Lair:1   | Entered Level 1 of the Lair of Beasts
 12430 | Lair:1   | Noticed a death yak
 12434 | Lair:1   | Noticed a death yak
 12435 | Lair:1   | Noticed a death yak
 12436 | Lair:1   | Noticed a death yak
 12659 | Lair:1   | Noticed a catoblepas
 12668 | Lair:1   | Killed a catoblepas
 12669 | Lair:1   | Reached XP level 13. HP: 85/98 MP: 26/26
 12694 | Lair:1   | Found a dark tunnel.
 12725 | Lair:1   | Upgraded the game from 0.30.0-20-g3b4254fcbd to
                  | 0.30.0-29-ga12c61a403
 12783 | Volcano  | Entered a volcano
 13653 | Volcano  | Reached skill level 10 in Spellcasting
 14537 | Lair:1   | Reached skill level 10 in Dodging
 15645 | Lair:1   | Identified the +5 ring mail of Nienu {Harm rC+ Int-4}
 16312 | Lair:2   | Reached skill level 10 in Stealth
 16429 | Lair:2   | Found a hole to the Spider Nest.
 17021 | Lair:3   | Reached XP level 14. HP: 108/108 MP: 22/28
 17035 | Lair:3   | Reached skill level 10 in Invocations
 17922 | Lair:3   | You fall into a shaft and drop 1 floor!
 18202 | Lair:3   | Found a staircase to the Shoals.
 18918 | Lair:4   | Found a staircase to the Slime Pits.
 18938 | Lair:4   | Identified the +12 sling of Instinct {drain, Str+3}
 19999 | Lair:5   | Entered Level 5 of the Lair of Beasts
 20529 | Lair:5   | Reached skill level 10 in Fire Magic
 20882 | Lair:5   | Reached skill level 10 in Fighting
 20882 | Lair:5   | Reached skill level 10 in Short Blades
 20882 | Lair:5   | Reached skill level 10 in Long Blades
 20882 | Lair:5   | Reached skill level 10 in Axes
 20882 | Lair:5   | Reached skill level 10 in Maces & Flails
 20882 | Lair:5   | Reached skill level 10 in Polearms
 20882 | Lair:5   | Reached skill level 10 in Staves
 20882 | Lair:5   | Reached skill level 10 in Ranged Weapons
 20882 | Lair:5   | Reached skill level 10 in Throwing
 20882 | Lair:5   | Reached skill level 10 in Armour
 20882 | Lair:5   | Reached skill level 10 in Shields
 20882 | Lair:5   | Reached skill level 10 in Unarmed Combat
 20882 | Lair:5   | Reached skill level 10 in Evocations
 21272 | Lair:5   | Found a large runed translucent door.
 21351 | Lair:5   | Reached XP level 15. HP: 115/115 MP: 19/30
 21571 | Lair:5   | Found a large runed translucent door.
 23002 | Orc:1    | Entered Level 1 of the Orcish Mines
 23225 | Orc:2    | Entered Level 2 of the Orcish Mines
 23505 | Orc:2    | Found Tiogh's Firing Range.
 23523 | Orc:2    | Bought a throwing net for 30 gold pieces
 24525 | Orc:2    | Found Idiump's Magic Scroll Emporium.
 24619 | Orc:2    | Found Liko's Distillery.
 24630 | Orc:2    | Bought a scroll of enchant armour for 127 gold pieces
 24630 | Orc:2    | Bought a scroll of blinking for 127 gold pieces
 24630 | Orc:2    | Bought a scroll of enchant weapon for 127 gold pieces
 24630 | Orc:2    | Bought 3 scrolls of identify for 102 gold pieces
 24630 | Orc:2    | Bought a scroll of immolation for 68 gold pieces
 24827 | Orc:2    | Bought a potion of haste for 150 gold pieces
 24827 | Orc:2    | Bought a potion of magic for 120 gold pieces
 24827 | Orc:2    | Bought a potion of haste for 150 gold pieces
 25101 | Orc:2    | Found a staircase to the Elven Halls.
 26458 | Orc:2    | Found Queniopn's Antique Armour Shop.
 26458 | Orc:2    | Found Foarevireh's Jewellery Boutique.
 26459 | Orc:2    | Found a one-way gate leading to the halls of Pandemonium.
 26461 | Orc:2    | Bought a shiny helmet for 300 gold pieces
 27035 | D:11     | Learned a level 5 spell: Arcjolt
 27219 | D:13     | Noticed Erolcha
 27222 | D:13     | Killed Erolcha
 27937 | D:13     | Found a gate to the Vaults.
 28654 | D:14     | Reached XP level 16. HP: 53/124 MP: 30/32
 29568 | D:15     | Entered Level 15 of the Dungeon
 29768 | D:15     | Identified the +8 chain mail of the Desert {rElec rF++
                  | SInv}
 29946 | D:15     | Found a runed translucent gate.
 29946 | D:15     | Found a runed translucent gate.
 29946 | D:15     | Found a viscous altar of Jiyva.
 29946 | D:15     | Found a runed translucent gate.
 29946 | D:15     | Noticed Gosau's ghost (journeyman DsGl)
 30426 | D:15     | Found a staircase to the Depths.
 30590 | D:15     | Found a shimmering blue altar of Sif Muna.
 31016 | D:15     | Found a basalt altar of Yredelemnul.
 31354 | D:3      | Killed Crazy Yiuf
 31688 | Spider:1 | Entered Level 1 of the Spider Nest
 32023 | Lair:2   | Paralysed by a jorogumo for 2 turns
 32402 | Lair:2   | HP: 2/124 [broodmother (19)]
 32952 | Lair:2   | HP: 3/125 [redback (11)]
 33552 | D:4      | Bought a ring of poison resistance for 220 gold pieces
 34571 | Lair:2   | Learned a level 5 spell: Freezing Cloud
 35121 | Spider:1 | Reached skill level 10 in Conjurations
 35949 | Spider:2 | Noticed Asterion
 36881 | Spider:2 | Gained mutation: You are clumsy. (Dex -2) [a cacodemon]
 36890 | Spider:2 | Blown up by a cacodemon

Illustrated notes

Levels and vault maps discovered:
D:1:      tarquinn_simple_flora_water_e, layout_rooms
D:2:      layout_basic, shapermc_ecumenical_altar_notcrosses
D:3:      kennysheep_slugbush, layout_rooms, serial_corexii_hall,
          corexii_hall_statues_l, chequers_hall_statues_wall_a,
          corexii_hall_statues_x, uniq_terence, uniq_crazy_yiuf_cottage
D:4:      layout_basic, nicolae_overflow_hidden_temple, serial_shops,
          nicolae_shop_behind_doors, shop, kennysheep_potato
D:5:      layout_loops_ring, uniq_blork_the_orc
D:6:      cheibrodos_steamvent, layout_basic, minmay_temple_entry_butterflies,
          serial_demonic, serial_demonic_e, serial_demonic_c, serial_demonic_g,
          serial_demonic_d, serial_demonic_d, serial_demonic_b, uniq_duvessa
D:7:      layout_loops_ring
D:8:      layout_rooms, nicolae_straight_to_the_point
D:9:      layout_roguey, nrook_mini_vaults
D:10:     layout_basic, david_orc_4, minmay_misc_feat_cross,
          nicolae_shop_dragon_depot
D:11:     layout_roguey, erik_lair_dragon, minmay_misc_feat_iff,
          chequers_serial_rivers_micro_a
D:12:     minmay_the_grid_triangle_9x9_rhombus_thin
          [minmay_the_grid_triangle_9x9_sprig,
          minmay_the_grid_triangle_9x9_prize_special,
          minmay_the_grid_triangle_9x9_sparse_checkered,
          minmay_the_grid_triangle_9x9_checkered], layout_small_grid
D:13:     layout_rooms, david_vaults_5, uniq_erolcha
D:14:     layout_small_grid, minmay_misc_feat_nine_boxes
D:15:     gammafunk_depths_entry_grave, layout_cross, led_sif_pool,
          gammafunk_ghost_ooze, lemuel_zombie_altar_yredelemnul
Temple:   hellmonk_temple_divided_pantheon
Lair:1:   dpeg_oklob_gauntlet, layout_cave_pods, enter_volcano_1,
          infiniplex_staircase_pool
Lair:2:   layout_gridlike, nicolae_spider_entry_lesser_pyramids,
          infiniplex_staircase_pool_2, grunt_megastairs_4
Lair:3:   layout_roguey, minmay_shoals_entry_hut, st_stairs_4,
          beast_lair_carwin_10
Lair:4:   layout_regular_city, dpeg_slime_entry_enclosed,
          chequers_serial_rivers_small_b, chequers_serial_rivers_micro_b,
          serial_bayou_shore_b
Lair:5:   cheibrodos_lair_end_hotspot, layout_small_grid, lemuel_fruit_tree
Spider:1: nicolae_spider_mines_2
Spider:2: layout_spider_delve, hangedman_spider_tarantella_strand, uniq_arachne,
          uniq_asterion
Orc:1:    layout_caves
Orc:2:    pf_orc_diabolical, layout_caves, basic_altar,
          nicolae_shop_firing_range

Skill      XL: |  1  2  3  4  5  6  7  8  9 10 11 12 13 14 15 16 |
---------------+-------------------------------------------------+-----
Conjurations   | 2 3 4 5 6 7 8 9 10 | 10.1
Spellcasting   | 5 6 7 8 9 10 11 12 | 12.6
Invocations    | 1 2 3 4 5 6 7 8 9 10 11 12 | 12.6
Fighting       | 1 2 3 5 6 7 8 9 10 11 | 11.6
Short Blades   | 1 2 3 5 6 7 8 9 10 11 | 11.6
Long Blades    | 1 2 3 5 6 7 8 9 10 11 | 11.6
Axes           | 1 2 3 5 6 7 8 9 10 11 | 11.6
Maces & Flails | 1 2 3 5 6 7 8 9 10 11 | 11.6
Polearms       | 1 2 3 5 6 7 8 9 10 11 | 11.6
Staves         | 1 2 3 5 6 7 8 9 10 11 | 11.6
Ranged Weapons | 1 2 3 5 6 7 8 9 10 11 | 11.6
Throwing       | 1 2 3 5 6 7 8 9 10 11 | 11.6
Armour         | 1 2 3 5 6 7 8 9 10 11 | 11.6
Shields        | 1 2 3 5 6 7 8 9 10 11 | 11.6
Unarmed Combat | 1 2 3 5 6 7 8 9 10 11 | 11.6
Evocations     | 1 2 3 5 6 7 8 9 10 11 | 11.6
Hexes          | 1 2 3 4 5 6 7 8 9 |  9.8
Summonings     | 1 2 3 4 5 6 7 8 9 |  9.8
Necromancy     | 1 2 3 4 5 6 7 8 9 |  9.8
Translocations | 1 2 3 4 5 6 7 8 9 |  9.8
Transmutations | 1 2 3 4 5 6 7 8 9 |  9.8
Ice Magic      | 1 2 3 4 5 6 7 8 9 |  9.8
Air Magic      | 1 2 3 4 5 6 7 8 9 |  9.8
Earth Magic    | 1 2 3 4 5 6 7 8 9 |  9.8
Poison Magic   | 1 2 3 4 5 6 7 8 9 |  9.8
Dodging        | 5 6 7 8 9 10 11 12 | 12.5
Stealth        | 5 6 7 8 9 10 11 12 | 12.3
Fire Magic     | 6 7 8 9 10 11 | 11.2

Action                     |  1- 3 |  4- 6 |  7- 9 | 10-12 | 13-15 | 16-18 || total
---------------------------+-------+-------+-------+-------+-------+-------++-------
  Melee: Dagger            |    13 |     6 |    50 |       |       |       ||    69
         Bite              |     1 |     1 |     7 |    36 |   122 |    29 ||   196
         Scimitar          |       |       |       |   183 |   600 |   148 ||   931
         Short sword       |       |       |       |    41 |    74 |     1 ||   116
         Morningstar       |       |       |       |       |    10 |       ||    10
   Fire: Sling             |       |       |       |       |       |    41 ||    41
  Throw: Dart              |       |       |     1 |     1 |       |       ||     2
         Throwing net      |       |       |       |     1 |       |       ||     1
   Cast: Foxfire           |    44 |    63 |    94 |   137 |   273 |    82 ||   693
         Scorch            |    10 |    29 |   129 |   206 |   184 |   131 ||   689
         Ozocubu's Armour  |       |       |     7 |     5 |     4 |     2 ||    18
         Flame Wave        |       |       |     3 |     7 |    23 |     9 ||    42
         Summon Lightning  |       |       |       |    43 |   146 |    43 ||   232
         Iskenderun's Myst |       |       |       |     6 |    27 |     6 ||    39
         Arcjolt           |       |       |       |       |     3 |    38 ||    41
         Freezing Cloud    |       |       |       |       |       |    28 ||    28
 Invoke: Call Merchant     |       |       |       |     1 |       |       ||     1
         Potion Petition   |       |       |       |     1 |     4 |     6 ||    11
  Evoke: Wand              |       |       |       |     1 |     6 |     2 ||     9
         Phantom mirror    |       |       |       |       |     1 |       ||     1
    Use: Scroll            |       |    11 |    10 |    14 |    13 |     6 ||    54
         Potion            |       |       |       |     7 |     8 |     5 ||    20
   Stab: Sleeping          |       |     1 |     3 |     4 |    16 |     1 ||    25
         Distracted        |       |       |     1 |     4 |    18 |     3 ||    26
         Held in net/web   |       |       |       |     1 |       |       ||     1
         Betrayed ally     |       |       |       |     2 |     1 |       ||     3
         Invisible         |       |       |       |       |       |     1 ||     1
 Armour: Robe              |     8 |     6 |    19 |       |       |       ||    33
         Leather armour    |       |       |     8 |    92 |       |       ||   100
         Ring mail         |       |       |       |       |   235 |   239 ||   474
  Dodge: Dodged            |    23 |    14 |    63 |   184 |   468 |   466 ||  1218
  Block: Buckler           |       |     2 |    44 |   122 |   447 |    81 ||   696
